Map: 强酸工厂 - 天梯版

Players

反正我又不会玩 - Winner!

  • Race: Zerg Zerg
  • League: Grandmaster
  • Spawn Location: 5:00

llllllllllll

  • Race: Terran Terran
  • League: Grandmaster
  • Spawn Location: 11:00

VOD

Have the link to the VOD?

Description

Time

  • Played on: May 13, 2018, 10:13 a.m.
  • Length: 16:56
Show
View Real Time Build Order
Export as new Build Order

反正我又不会玩 Zerg - Winner!

Build Orders: Pool First 

Get SALT Encoding   

  12  0:01  Drone  
  13  0:09  Drone  
  14  0:19  Overlord  
  14  0:23  Drone, Extractor  
  15  0:37  Drone x2  
  17  0:44  Drone  
  18  0:50  Spawning Pool  
  17  1:08  Hatchery  
  16  1:13  Drone  
  16  1:15  Drone  
  18  1:22  Drone  
  19  1:40  Hatchery  
  19  1:43  Drone  
  19  1:45  Drone  
  20  1:54  Queen  
  20  1:57  Extractor  
  21  2:02  Overlord  
  21  2:06  Drone  
  22  2:23  Queen  
  22  2:24  Drone x3  
  27  2:35  Queen  
  27  2:43  Drone  
  27  2:44  Drone x2  
  30  2:46  Spore Crawler  
  30  2:53  Queen  
  30  2:54  Drone  
  30  2:57  Drone  
  34  2:59  Drone  
  34  3:04  Drone x2  
  37  3:08  Drone x2  
  39  3:19  Drone x3  
  42  3:29  Overlord  
  42  3:30  Overlord  
  42  3:43  Hatchery, Drone  
  42  3:47  Drone x3  
  42  3:48  Drone x2  
  47  3:49  Drone  
  47  3:54  Metabolic Boost  
  48  3:56  Drone x2  
  48  3:58  Overlord  
  48  4:00  Drone x2  
  52  4:07  Drone x3  
  52  4:08  Drone x2  
  57  4:18  Drone x3  
  57  4:21  Queen x2  
  64  4:28  Queen  
  64  4:29  Overlord x2  
  66  4:41  Baneling Nest, Zergling x2  
  66  4:47  Zergling x2  
  66  4:48  Zergling x12  
  66  4:51  Zergling x4  
  66  4:52  Zergling x2  
  76  4:54  Zergling x2  
  76  4:55  Zergling x2  
  76  4:56  Zergling x2  
  79  5:03  Zergling x8  
  79  5:06  Evolution Chamber, Zergling x6  
  85  5:09  Evolution Chamber  
  85  5:13  Zergling x2  
  85  5:14  Extractor  
  85  5:16  Queen  
  85  5:17  Overlord x4  
  82  5:30  Zergling x2  
  82  5:31  Zergling x10  
  82  5:32  Overlord x3  
  88  5:39  Drone  
  88  5:40  Drone x5  
  94  5:46  Drone x2  
  94  5:48  Zerg Ground Armor Level 1, Zerg Melee Weapons Level 1  
  96  5:50  Drone  
  96  5:51  Drone x4  
  96  5:55  Zergling x6  
  95  6:09  Lair  
  94  6:11  Drone  
  94  6:12  Drone x3, Extractor x2  
  94  6:13  Drone x2  
  94  6:14  Drone x2  
  94  6:16  Zergling x2  
  100  6:22  Spore Crawler, Zergling x2  
  100  6:24  Spore Crawler  
  99  6:27  Spore Crawler, Zergling x4  
  99  6:29  Zergling x2  
  101  6:34  Baneling x6  
  100  6:41  Hatchery, Spore Crawler  
  100  6:46  Drone x7  
  100  6:47  Drone x3  
  108  6:55  Drone  
  108  6:56  Spore Crawler  
  108  6:58  Overlord x2  
  105  7:02  Spore Crawler, Zergling x4  
  105  7:03  Zergling x6  
  105  7:04  Spore Crawler, Queen  
  105  7:07  Zergling x4  
  112  7:12  Zergling x10  
  112  7:13  Zergling x2  
  112  7:14  Zergling x4  
  120  7:16  Centrifical Hooks  
  120  7:19  Zergling x2  
  120  7:20  Zergling x4  
  123  7:26  Baneling x4  
  123  7:27  Baneling x5  
  123  7:29  Zergling x2  
  124  7:30  Zergling x6  
  124  7:34  Zergling x4  
  124  7:35  Baneling x3  
  129  7:43  Zerg Ground Armor Level 2  
  129  7:45  Zergling x14  
  129  7:50  Zerg Melee Weapons Level 2  
  129  7:51  Zergling x4  
  136  8:00  Zergling x2  
  136  8:01  Zergling x12  
  136  8:05  Zergling x6  
  136  8:10  Zergling x12  
  136  8:11  Zergling x2  
  141  8:14  Queen x2  
  141  8:18  Infestation Pit, Zergling x2  
  141  8:19  Spire, Zergling x2  
  140  8:25  Zergling x6  
  132  8:28  Zergling x2  
  132  8:29  Zergling x10  
  138  8:35  Drone x3  
  138  8:39  Zergling x6  
  138  8:40  Zergling x2  
  145  8:47  Hatchery  
  145  8:48  Zergling x16  
  127  8:55  Zergling x4  
  131  9:00  Zergling x6  
  134  9:02  Hive  
  134  9:06  Zergling x14  
  134  9:09  Baneling  
  141  9:10  Baneling x13  
  141  9:13  Overlord  
  141  9:16  Drone x3  
  143  9:19  Zergling x4  
  144  9:29  Zergling x14  
  151  9:33  Baneling x13  
  150  9:43  Zergling x24  
  150  9:44  Zergling x8  
  156  9:51  Zergling x4  
  157  9:55  Drone  
  157  9:56  Drone x4  
  154  10:04  Zergling x6  
  154  10:05  Zergling x18  
  154  10:06  Zergling x2  
  154  10:07  Zergling x2  
  165  10:10  Zergling x6  
  165  10:11  Zergling x2  
  132  10:22  Zergling x8  
  132  10:24  Zergling x6  
  132  10:25  Zergling x4  
  132  10:27  Zergling x6  
  130  10:31  Zergling x6  
  125  10:38  Zergling x14  
  125  10:39  Zergling x8  
  125  10:40  Zergling x2  
  125  10:42  Baneling  
  133  10:43  Baneling x24  
  133  10:44  Baneling  
  133  10:54  Extractor  
  133  10:55  Drone x3  
  135  10:57  Zergling x8  
  135  10:58  Zergling x12  
  135  11:00  Adrenal Glands  
  135  11:01  Zergling x2  
  135  11:02  Zergling x6  
  149  11:06  Zergling x4  
  149  11:07  Zergling x6  
  149  11:08  Zergling x2  
  149  11:09  Zergling x2  
  156  11:12  Spore Crawler  
  155  11:22  Zergling x14  
  141  11:28  Zergling x2  
  141  11:29  Zergling x12  
  141  11:31  Zerg Melee Weapons Level 3  
  124  11:39  Zergling x2  
  124  11:40  Zergling x10  
  124  11:52  Zergling x24  
  133  12:01  Zergling x2  
  133  12:02  Zergling x8  
  133  12:04  Zergling x2  
  133  12:05  Zergling x4  
  133  12:06  Zergling x8  
  145  12:13  Extractor  
  145  12:14  Drone x3  
  147  12:16  Baneling x4  
  147  12:17  Baneling x24  
  147  12:19  Zergling x2  
  147  12:20  Zergling x16  
  155  12:27  Zergling x2  
  155  12:28  Zergling x6  
  155  12:29  Zergling x2  
  148  12:35  Corruptor  
  150  12:37  Corruptor x3, Zergling x4  
  158  12:46  Zergling x6  
  158  12:47  Zergling x16  
  169  12:55  Zerg Ground Armor Level 3  
  166  13:04  Zergling x2  
  166  13:05  Zergling x14  
  174  13:07  Corruptor  
  174  13:08  Corruptor  
  178  13:16  Zergling x2  
  178  13:18  Hatchery  
  178  13:19  Spore Crawler  
  171  13:20  Spore Crawler  
  171  13:24  Zergling x24  
  171  13:25  Zergling x2  
  163  13:35  Zergling x2  
  163  13:36  Zergling x16  
  170  13:41  Zergling x6  
  170  13:42  Corruptor x4  
  170  13:45  Zerg Flyer Weapons Level 1  
  178  13:50  Drone x2  
  178  13:54  Overlord x3  
  179  13:59  Baneling  
  179  14:00  Baneling x14  
  179  14:07  Spore Crawler  
  178  14:15  Baneling x7  
  178  14:16  Baneling x3, Zergling x2  
  179  14:17  Zergling x20  
  180  14:35  Zergling x10  
  180  14:36  Zergling x28  
  170  15:02  Zergling x10  
  170  15:03  Zergling x10  
  170  15:04  Hatchery  
  170  15:05  Spore Crawler  
  170  15:06  Zergling x2  
  179  15:07  Zergling x18  
  179  15:09  Spore Crawler  
  186  15:22  Zergling x2  
  186  15:23  Zergling x26  
  195  15:33  Zergling x10  
  195  15:34  Zergling x18  
  196  15:36  Zergling x2  
  196  15:37  Zergling x4  
  196  15:38  Zergling x2  
  196  15:39  Zergling x2  
  196  15:40  Zergling x2  
  195  15:44  Hatchery  
  195  15:47  Zergling x2  
  195  15:48  Zergling x8  
  185  16:11  Zergling x2  
  185  16:12  Zergling x28  
  196  16:27  Zergling x2  
  196  16:28  Zergling x6  
Show
View Real Time Build Order
Export as new Build Order

llllllllllll Terran 

Build Orders: Reaper Expand, MMM Bio 

Get SALT Encoding   

  12  0:01  SCV  
  13  0:13  SCV  
  14  0:17  Supply Depot  
  14  0:25  SCV  
  14  0:27  Refinery  
  15  0:41  Barracks  
  15  0:45  SCV  
  16  0:58  SCV  
  17  1:10  SCV  
  18  1:22  SCV  
  19  1:28  Reaper  
  20  1:34  Orbital Command  
  20  1:41  Command Center  
  20  1:52  Barracks  
  20  1:59  SCV  
  20  2:00  Barracks Reactor  
  21  2:12  Refinery, SCV  
  21  2:14  Supply Depot  
  22  2:24  SCV  
  23  2:31  Factory  
  23  2:36  SCV  
  24  2:41  Marine x2  
  24  2:42  Barracks Tech Lab  
  26  2:49  SCV  
  27  2:53  Orbital Command  
  27  3:00  Stimpack, Marine  
  27  3:01  Marine x2  
  30  3:08  SCV  
  31  3:18  Marine  
  31  3:19  Marine x2  
  34  3:22  Starport  
  34  3:26  SCV x2  
  35  3:31  Factory Reactor  
  35  3:37  Marine x3  
  35  3:39  SCV x2  
  40  3:42  Supply Depot  
  40  3:51  SCV x2  
  40  3:55  Supply Depot  
  42  3:57  Marine  
  42  3:58  Marine x2  
  45  4:03  SCV  
  45  4:04  SCV  
  47  4:12  Medivac x2  
  47  4:14  Marine  
  47  4:16  Marine x2, SCV  
  55  4:17  SCV  
  55  4:21  Supply Depot  
  56  4:29  SCV x2  
  56  4:31  Engineering Bay  
  58  4:32  Marine  
  58  4:34  Marine x2  
  61  4:40  Engineering Bay  
  61  4:42  Supply Depot  
  61  4:44  SCV x2  
  63  4:53  Marine  
  63  4:54  Marine x2  
  63  4:55  Medivac  
  63  4:56  Widow Mine  
  63  4:59  Terran Infantry Weapons Level 1  
  70  5:03  SCV x2  
  70  5:05  Supply Depot  
  72  5:07  Terran Infantry Armor Level 1  
  72  5:10  Supply Depot  
  72  5:13  Marine x3  
  75  5:27  SCV x2  
  69  5:31  Marine x3  
  69  5:35  Factory Reactor  
  72  5:38  Command Center  
  72  5:39  Supply Depot  
  72  5:52  Marine x3  
  72  5:53  SCV x2  
  77  6:09  Marine, SCV x2  
  77  6:10  Marine x2  
  82  6:14  Refinery  
  82  6:15  Barracks  
  82  6:16  Refinery, Barracks x2  
  80  6:19  Armory  
  80  6:21  Supply Depot  
  80  6:25  SCV x2  
  82  6:30  Marine x3  
  82  6:32  Medivac  
  87  6:33  Medivac  
  89  6:46  Widow Mine  
  89  6:47  Widow Mine  
  93  6:48  Marine x3, SCV x2  
  98  6:56  Orbital Command  
  96  7:09  Marine x2  
  96  7:10  Barracks Reactor x3  
  96  7:11  Combat Shields  
  96  7:12  Marine  
  96  7:13  Widow Mine x2  
  103  7:27  SCV x2, Terran Infantry Weapons Level 2  
  106  7:36  Orbital Command, Supply Depot  
  105  7:38  Marine  
  105  7:39  Supply Depot, Marauder, Marine  
  105  7:40  Medivac  
  111  7:54  Marine x4  
  111  7:55  Widow Mine x2, SCV x2  
  111  8:09  Marauder, Marine x4  
  111  8:11  Marine  
  111  8:12  Marine  
  111  8:23  Marine x2  
  111  8:24  Medivac, Widow Mine  
  111  8:25  Medivac, Widow Mine, SCV x3  
  111  8:26  Marine  
  111  8:27  Marine  
  116  8:30  Marauder, Concussive Shells  
  119  8:37  SCV x2  
  119  8:38  Supply Depot, SCV  
  119  8:39  Supply Depot  
  110  8:55  Marine x4  
  110  8:56  Marauder, Marine x4  
  110  8:58  Widow Mine, Medivac  
  110  8:59  Medivac, Widow Mine, SCV x3  
  110  9:02  Supply Depot x2  
  131  9:13  Marine x6  
  131  9:14  Marine x2  
  142  9:17  Marauder  
  138  9:26  Supply Depot  
  138  9:28  Widow Mine x2  
  142  9:31  Marine x3  
  142  9:34  Marine x5  
  150  9:39  Marauder  
  136  9:49  Marine  
  135  9:54  Command Center  
  135  9:58  Marine x7  
  135  9:59  Widow Mine x2, Medivac x2  
  143  10:00  Marauder  
  143  10:07  Marine  
  135  10:16  Marine x6  
  135  10:17  Marine  
  134  10:21  Marauder  
  134  10:24  Marine  
  120  10:28  SCV  
  120  10:29  SCV  
  120  10:33  Marine x2  
  120  10:34  Medivac x2, Marine x4, Widow Mine x2  
  119  10:43  Marauder, Terran Infantry Armor Level 2  
  119  10:44  Terran Infantry Weapons Level 3  
  119  10:46  Marine x2  
  121  10:51  Marine x4  
  121  10:52  Marine x2  
  121  10:56  SCV x3  
  130  11:03  Widow Mine x2  
  130  11:04  Marauder, Marine x2  
  136  11:09  Marine x2  
  140  11:13  Marine x4  
  143  11:22  Marine x2  
  123  11:25  Marauder  
  123  11:27  Marine x2  
  123  11:31  Marine x4  
  96  11:35  Widow Mine x2  
  96  11:39  Marine x2  
  99  11:45  Marine x2  
  104  11:47  Marauder  
  104  11:49  Marine x3  
  101  11:54  Marine  
  101  11:57  Marine x2  
  102  12:02  Marine x2  
  102  12:03  Barracks  
  102  12:04  Barracks  
  102  12:05  Barracks  
  102  12:06  Barracks, SCV  
  102  12:07  Marine x3, SCV x2  
  112  12:08  Marauder  
  112  12:12  Marine  
  112  12:13  Supply Depot  
  112  12:15  Marine x2  
  115  12:18  SCV  
  115  12:19  SCV x2  
  115  12:20  Marine x2  
  120  12:24  Marine  
  120  12:28  Marine x2  
  120  12:29  Widow Mine x2  
  122  12:30  Marauder, Marine  
  122  12:33  Marine x2  
  125  12:38  Marine x2  
  125  12:42  Marine  
  128  12:46  Marine x2  
  132  12:51  Marauder  
  132  12:52  Medivac  
  132  12:53  Medivac  
  134  13:02  Barracks Tech Lab x4  
  134  13:03  Marine x3  
  134  13:04  Marine x5  
  142  13:09  Planetary Fortress  
  142  13:10  SCV  
  142  13:11  SCV  
  142  13:12  Marauder, SCV, Sensor Tower  
  147  13:13  Terran Infantry Armor Level 3  
  146  13:21  Marine x2  
  146  13:25  Marine x4  
  146  13:26  Marauder x4, Marine x2  
  158  13:33  Marine  
  121  13:38  Widow Mine  
  121  13:39  Marine x2  
  118  13:43  Marine x2  
  118  13:47  Marauder x2  
  122  13:53  Widow Mine  
  122  13:54  Marine x5  
  122  13:55  Marauder x2  
  132  13:56  Marine  
  132  14:00  Widow Mine  
  135  14:08  Marauder  
  137  14:10  Medivac x2, Marine x3  
  137  14:11  Marauder  
  137  14:12  Marine x3  
  137  14:15  Widow Mine  
  151  14:21  Widow Mine  
  153  14:36  Marine x6  
  153  14:37  Marauder x4, Marine x2  
  111  14:45  Marine  
  103  14:47  Widow Mine  
  103  14:48  Widow Mine  
  107  14:54  Marine x8  
  107  14:58  Marauder x2  
  113  15:01  Marine x2  
  113  15:03  Marauder  
  117  15:09  Widow Mine  
  117  15:12  Marine x6  
  125  15:20  Marauder x2  
  108  15:28  Orbital Command  
  108  15:30  Marauder x2, Marine x8  
  108  15:31  Marauder  
  106  15:40  Marine  
  106  15:41  Marauder  
  102  15:48  Marine x8  
  102  15:49  Widow Mine  
  110  15:52  Marauder x3  
  110  15:54  Medivac  
  118  15:59  Marauder  
  118  16:02  Marine  
  120  16:05  Marine  
  113  16:13  Marauder  
  93  16:21  Marine x2  
  93  16:22  Marauder x3, Marine x6  
  93  16:23  Marine  
  103  16:34  Marauder  
Tags
 
Add a new tag
Caveats
  • Supply blocks, unpowered buildings, or Contaminate may cause inaccurate times.
  • Supply counts are checked every 10 seconds.